 Dungeon Crawl Stone Soup version 0.30.1-11-g7821555f0a (webtiles) character file.

Game seed: 15278798386503603789

241508 jfcaron the Spry (level 19, -15/154 HPs)
             Began as a Gnoll Berserker on Nov 12, 2023.
             Was the Champion of Trog.
             Demolished by an ancient champion
             ... wielding a +1 great sword
             ... summoned by a demonspawn corrupter
              (24 damage)
             ... in a wizard's laboratory.
             The game lasted 01:50:23 (42635 turns).

jfcaron the Spry (Gnoll Berserker)                 Turns: 42635, Time: 01:50:24

Health: -15/154    AC: 13    Str: 21 (27) XL:     19   Next: 36%
Magic:  36/36      EV:  9    Int: -6 (2)  God:    Trog [******]
Gold:   3706       SH: 21    Dex:  1 (13) Spells: 44/44 levels left

rFire   + . .        a - +3 broad axe (spect)
rCold   . . .        W - +2 tower shield
rNeg    + + +        M - +5 scale mail of Sloth {rN+++ Int-2 Slay+5 Stlth+}
rPois   .            n - +1 helmet
rElec   +            N - +2 cloak
rCorr   .            d - +0 pair of gloves
SInv    +            P - +1 pair of boots of the Known World {rF+ rN+ Str+4 Int+2}
Will    ++...        T - amulet of Propriety {Reflect rElec SH+5}
Stlth   ++++         C - ring of willpower
HPRegen 0.45/turn    x - ring of Dogma {Fly Int-5 Slay+5 SInv}
MPRegen 0.25/turn

%: reflection
@: corroded, flying, slowed, lost intelligence, studying 3 skills, unable to
read, very slow
A: fangs 1, strong nose, distributed training
}: 2/15 runes: barnacled, gossamer
a: Renounce Religion, Berserk, Trog's Hand, Brothers in Arms


You were in a wizard's laboratory.
You worshipped Trog.
Trog was exalted by your worship.
You visited 6 branches of the dungeon, and saw 31 of its levels.
You also visited: Ice Cave and Wizlab.

You collected 5430 gold pieces.
You spent 1724 gold pieces at shops.

Inventory:

Hand Weapons
 a - a +3 spectral broad axe (weapon)
   (You took it off an orc warrior on level 9 of the Dungeon)
 g - the +8 rapier "Beastslayer" {freeze, rCorr Dex+3}
   (You found it on level 2 of the Shoals)

   Dex:       It affects your dexterity (+3).
   rCorr:     It protects you from acid and corrosion.
Missiles
 b - a javelin
 m - 8 atropa-tipped darts {!f}
 s - 2 curare-tipped darts {!f}
 D - 13 boomerangs (quivered)
 I - 2 boomerangs of dispersal {!f}
 J - 25 silver javelins {!f}
 R - 6 throwing nets {!f}
 X - 3 poisoned darts
 Y - 4 datura-tipped darts {!f}
Armour
 d - a +0 pair of gloves (worn)
 n - a +1 helmet (worn)
 M - the +5 scale mail of Sloth (worn) {rN+++ Int-2 Slay+5 Stlth+}
   (You found it on level 2 of the Lair of Beasts)

   Int:       It affects your intelligence (-2).
   Slay:      It affects your accuracy & damage with ranged weapons and melee
   (+5).
   rN:        It renders you almost immune to negative energy.
   Stlth:     It makes you more stealthy.
 N - a +2 cloak (worn)
 P - the +1 pair of boots of the Known World (worn) {rF+ rN+ Str+4 Int+2}
   (You acquired it on level 3 of the Lair of Beasts)

   Str:       It affects your strength (+4).
   Int:       It affects your intelligence (+2).
   rF:        It protects you from fire.
   rN:        It protects you from negative energy.
 W - a +2 tower shield (worn)
Jewellery
 x - the ring of Dogma (right hand) {Fly Int-5 Slay+5 SInv}
   (You bought it in a shop on level 2 of the Orcish Mines)

   [ring of see invisible]

   Int:       It affects your intelligence (-5).
   Slay:      It affects your accuracy & damage with ranged weapons and melee
   (+5).
   SInv:      It lets you see invisible.
   Fly:       It grants you flight.
 C - a ring of willpower (left hand)
   (You found it on level 5 of the Dungeon)
 O - a ring of protection from cold
   (You found it on level 3 of the Lair of Beasts)
 T - the amulet of Propriety (around neck) {Reflect rElec SH+5}
   (You found it on level 15 of the Dungeon)

   [amulet of reflection]

   It reflects blocked missile attacks.
   rElec:     It insulates you from electricity.
   SH:        It affects your SH (+5).
 U - a ring of protection from fire
   (You found it on level 4 of the Lair of Beasts)
Wands
 j - a wand of digging (1)
 o - a wand of roots (7)
 F - a wand of mindburst (12)
 G - a wand of charming (27)
   (You found it on level 6 of the Dungeon)
 Z - a wand of acid (11)
   (You found it on level 13 of the Dungeon)
Scrolls
 e - 5 scrolls of enchant armour
 h - a scroll of blinking
 t - 2 scrolls of butterflies
 v - 2 scrolls of fog
 H - 4 scrolls of fear
 K - 3 scrolls of vulnerability
 V - 5 scrolls of poison
Potions
 c - 3 potions of invisibility
 i - 5 potions of lignification
 k - 19 potions of curing
 l - a potion of heal wounds
 q - a potion of mutation
 w - 8 potions of haste
 z - 5 potions of flight
 B - 4 potions of ambrosia
 E - 6 potions of might
 L - a potion of resistance
 Q - 2 potions of cancellation
Miscellaneous
 f - a box of beasts
   (You found it on level 5 of the Lair of Beasts)
 p - a phantom mirror
   (You found it on level 4 of the Shoals)
 r - a phial of floods
   (You found it on level 4 of the Spider Nest)
 S - a tin of tremorstones (inert)
   (You found it on level 3 of the Shoals)


   Skills:
 + Level 14.8 Fighting
 + Level 13.4 Short Blades
 + Level 16.1 Long Blades
 + Level 14.8 Axes
 + Level 13.4 Maces & Flails
 + Level 13.4 Polearms
 + Level 13.4 Staves
 + Level 13.4 Ranged Weapons
 + Level 13.4 Throwing
 + Level 14.2 Armour
 + Level 16.6 Dodging
 + Level 13.4 Stealth
 + Level 13.4 Shields
 + Level 13.4 Unarmed Combat
 + Level 13.4 Spellcasting
 + Level 11.4 Conjurations
 + Level 11.4 Hexes
 + Level 11.4 Summonings
 + Level 11.4 Necromancy
 + Level 11.4 Translocations
 + Level 11.4 Transmutations
 + Level 11.4 Fire Magic
 + Level 11.4 Ice Magic
 + Level 11.4 Air Magic
 + Level 11.4 Earth Magic
 + Level 11.4 Poison Magic
 + Level 15.6 Invocations
 + Level 13.4 Evocations


You had 44 spell levels left.
You didn't know any spells.
Your spell library contained the following spells:

 Spells                   Type           Power      Damage    Failure   Level
 Apportation              Tloc           0%         N/A       1%          1
 Beastly Appendage        Tmut           0%         N/A       1%          1
 Magic Dart               Conj           0%         1d3       1%          1
 Necrotise                Necr           0%         1d4       1%          1
 Summon Small Mammal      Summ           0%         N/A       1%          1
 Call Imp                 Summ           0%         N/A       1%          2
 Ensorcelled Hibernation  Hex/Ice        0%         N/A       1%          2
 Passwall                 Tmut/Erth      0%         N/A       1%          2
 Sublimation of Blood     Necr           0%         N/A       1%          2
 Call Canine Familiar     Summ           0%         N/A       3%          3
 Gell's Gravitas          Tloc           0%         N/A       3%          3
 Hailstorm                Conj/Ice       0%         3d3       3%          3
 Ignite Poison            Fire/Tmut/Pois 0%         N/A       3%          3
 Mephitic Cloud           Conj/Pois/Air  0%         N/A       3%          3
 Ozocubu's Armour         Ice            0%         N/A       3%          3
 Stone Arrow              Conj/Erth      0%         3d7       3%          3
 Summon Guardian Golem    Hex/Summ       0%         N/A       3%          3
 Swiftness                Air            0%         N/A       3%          3
 Teleport Other           Tloc           0%         N/A       3%          3
 Vhi's Electric Charge    Tloc/Air       0%         N/A       3%          3
 Animate Armour           Summ/Erth      0%         N/A       11%         4
 Animate Dead             Necr           0%         N/A       11%         4
 Petrify                  Tmut/Erth      0%         N/A       11%         4
 Arcjolt                  Conj/Air       0%         1d10      30%         5
 Blade Hands              Tmut           0%         N/A       30%         5
 Irradiate                Conj/Tmut      0%         3d11      30%         5
 Dispersal                Tloc           0%         N/A       86%         6
 Plasma Beam              Fire/Air       0%         2x1d11    86%         6
 Simulacrum               Ice/Necr       0%         N/A       86%         6
 Statue Form              Tmut/Erth      0%         N/A       86%         6
 Haunt                    Necr/Summ      0%         N/A       100%        7
 Orb of Destruction       Conj           0%         9d5       100%        7
 Spellforged Servitor     Conj/Summ      0%         N/A       100%        7
 Infestation              Necr           0%         N/A       100%        8
 Lehudib's Crystal Spear  Conj/Erth      0%         10d2      100%        8


Dungeon Overview and Level Annotations

Branches:
Dungeon (15/15)            Temple (0/1) D:4            Lair (5/5) D:8
 Shoals (4/4) Lair:2       Spider (4/4) Lair:3        Slime (0/5) Lair:4
    Orc (2/2) D:9             Elf (1/3) Orc:2        Vaults (0/5) D:13
 Depths (0/4) D:15          IceCv (visited)          WizLab (1/1)

Altars:
Ashenzari
Dithmenos
Gozag
Hepliaklqana
Makhleb
Nemelex Xobeh
Okawaru
Qazlal
Ru
Sif Muna
Trog
Xom
Yredelemnul
Jiyva

Shops:
D:4 !   D:6 (   D:11 :   Orc:2 ?=?!*   Shoals:2 [

Annotations:
Orc:2 3 runed translucent doors, mrw3rdna's ghost, journeyman SpVM


Innate Abilities, Weirdness & Mutations

You have very sharp teeth.
Your uncanny sense of smell can sniff out nearby items.
Your experience applies equally to all skills.


Message History

The sphinx is engulfed in spectral mist. x2
The sphinx hits you!
* * * LOW HITPOINT WARNING * * *
The sphinx barely misses you. You block the sphinx's attack.
The revenant completely misses you.
The very large slime creature is engulfed in spectral mist.
The demonspawn corrupter is engulfed in spectral mist.
The demonspawn corrupter calls down the wrath of Lugonu upon you.
The entropic weave corrodes you!
You block the demonspawn corrupter's attack.
Okay, then.
You cannot read scrolls in your current state!
Unknown command.
Okay, then.
Okay, then.
You cannot read scrolls in your current state!
You feel much better.
Your +3 spectral broad axe disappears.
You are engulfed in spectral mist.
* * * LOW HITPOINT WARNING * * *
The revenant disappears in a puff of smoke!
The acid blob is engulfed in spectral mist.
The acid blob closely misses you.
The acid blob is engulfed in spectral mist.
The sphinx is engulfed in spectral mist.
The ancient champion barely misses you.
The sphinx is engulfed in spectral mist.
The sphinx casts a spell.
You resist with almost no effort.
The very large slime creature is engulfed in spectral mist.
The demonspawn corrupter hits you from afar with a +0 glaive.
* * * LOW HITPOINT WARNING * * *
You block the demonspawn corrupter's attack.
The demonspawn corrupter closely misses you.
The acid blob is engulfed in spectral mist.
The acid blob hits you but does no damage.
The acid blob is engulfed in spectral mist.
The sphinx is engulfed in spectral mist.
The ancient champion hits you with a +1 great sword!!
You die...

## #. #. #.
################
#...+!§§#...)'..
#####...#§§§#....#..
#J6○#○).#§§!#....#..
#HH@○...##'##'####+#
#JJz#...+.§........#
#J6○#...#§§.!....!.#
#########+########'#
#...#......8...#
#...#..........'
###'#..8....8.!)
#...#)....))...#
#...'.)..88....#


You could see 2 acid blobs, 2 demonspawn corrupters, 2 sphinxes, an ancient
champion (summoned, fast), a very large slime creature (summoned) and a large
slime creature (summoned).

Vanquished Creatures
  Bai Suzhen (Shoals:3)
  Jorgrun (Spider:1)
  Rupert (D:12)
  2 tentacled starspawn (WizLab)
  A sphinx (Shoals:4)
  Gastronok (Lair:3)
  Roxanne (Spider:3)
  Ilsuiw (Shoals:3)
  A deep elf sorcerer (WizLab)
  3 emperor scorpions
  3 nagarajas (WizLab)
  5 ghost moths
  An orc warlord (Orc:1)
  A stone giant (WizLab)
  4 broodmothers
  A demonspawn corrupter (WizLab)
  The ghost of Keifupt the Executioner, a journeyman HOMo of Gozag (D:15)
  A spark wasp (Spider:4)
  A dire elephant (Lair:5)
  3 minotaurs (Shoals:4)
  An ettin (D:15)
  3 merfolk impalers
  The ghost of Angrytalen2 the Basher, a journeyman GrMo of Hepliaklqana (Shoals:1)
  6 merfolk javelineers
  3 deep elf high priests (WizLab)
  A fire dragon (Lair:5)
  A great orb of eyes (WizLab)
  4 entropy weavers
  3 radroaches
  11 hydras
  Erica (D:11)
  4 catoblepae
  5 merfolk aquamancers
  3 two-headed ogres
  5 boulder beetles
  3 centaur warriors
  2 ironbound frosthearts (IceCv)
  16 satyrs (Shoals:4)
  9 death yaks
  2 tengu warriors
  A hell knight (D:15)
  2 pharaoh ants
  Amaemon (Lair:1)
  7 skysharks
  A sun moth (Spider:3)
  6 sea snakes
  6 skeletal warriors
  2 spriggan druids (WizLab)
  7 orb spiders
  A swamp dragon (Lair:5)
  2 deep trolls
  A harpy (shapeshifter) (D:13)
  7 steelbarb worms
  5 wizards
  4 deep elf zephyrmancers
  8 orc knights
  A lindwurm (Lair:5)
  4 deep elf pyromancers (Elf:1)
  23 harpies
  19 wolf spiders
  5 oklob plants
  16 ugly things
  An orc sorcerer (Orc:2)
  15 manticores
  7 cyclopes
  6 worldbinders (WizLab)
  A moth of wrath (Spider:1)
  8 fauns
  Maurice (D:11)
  An ice statue (IceCv)
  7 black mambas
  14 elephants
  9 torpor snails
  2 molten gargoyles (Lair:3)
  8 demonic crawlers
  10 merfolk sirens
  A water nymph (Shoals:3)
  An orange demon (Lair:1)
  4 gargoyles
  8 cane toads
  2 unseen horrors (D:12)
  10 rime drakes
  7 komodo dragons
  A tengu conjurer (D:15)
  4 yaktaurs (D:15)
  5 kobold demonologists
  A freezing wraith (D:13)
  13 polar bears
  34 merfolk
  4 trolls
  3 hornets
  20 blink frogs
  14 tarantellas
  2 wind drakes
  5 snapping turtles
  5 dream sheep
  30 jumping spiders
  Sigmund (D:2)
  3 shadows
  An air elemental (Elf:1)
  22 culicivoras
  4 spriggans
  7 water elementals
  3 slime creatures (D:15)
  4 vampires
  4 wyverns
  61 yaks
  5 basilisks
  3 chaos spawn (D:14)
  6 vampire mosquitoes
  3 fire elementals
  A steam dragon (Lair:5)
  46 redbacks
  Edmund (D:4)
  13 wargs
  4 acid dragons
  7 water moccasins
  Duvessa (D:4)
  An ice beast (D:6)
  43 orc warriors
  2 sky beasts
  6 black bears
  18 wolves
  2 boggarts
  6 ogres
  5 centaurs
  2 kobold brigands
  14 bullfrogs
  3 gnoll sergeants
  A scorpion (D:4)
  13 wights
  Dowan (D:4)
  4 killer bees (D:8)
  An electric eel (D:14)
  A howler monkey (D:10)
  8 lava snakes
  4 hounds
  2 jellies
  2 gnoll boudas
  9 orc priests
  A sleepcap (D:4)
  9 hell rats
  6 iguanas
  17 orc wizards
  Ijyb (D:4)
  21 gnolls
  8 adders
  A shadow imp (D:5)
  2 white imps
  2 ufetubi
  3 worms
  2 dart slugs
  95 orcs
  11 ball pythons
  3 bats
  8 endoplasms
  4 giant cockroaches
  5 goblins
  10 hobgoblins
  5 jackals
  8 quokkas
  2 frilled lizards (D:1)
  17 kobolds
  2 rats (D:2)
  A fire vortex (D:14)
  13 spectral weapons
  11 starspawn tentacles (WizLab)
1127 creatures vanquished.

Notes
Turn   | Place    | Note
-------+----------+-------------------------------------------
     0 | D:1      | jfcaron the Gnoll Berserker began the quest for the Orb.
     0 | D:1      | Reached XP level 1. HP: 23/23 MP: 1/1
   120 | D:1      | Found a faded altar of an unknown god.
   135 | D:1      | Reached XP level 2. HP: 22/29 MP: 2/2
   694 | D:2      | Reached XP level 3. HP: 35/35 MP: 3/3
   734 | D:2      | Reached ** piety under Trog
   829 | D:2      | Noticed Sigmund
   858 | D:2      | Killed Sigmund
   859 | D:2      | Reached skill level 1 in Short Blades
   859 | D:2      | Reached skill level 1 in Long Blades
   859 | D:2      | Reached skill level 1 in Maces & Flails
   859 | D:2      | Reached skill level 1 in Polearms
   859 | D:2      | Reached skill level 1 in Staves
   859 | D:2      | Reached skill level 1 in Ranged Weapons
   859 | D:2      | Reached skill level 1 in Throwing
   859 | D:2      | Reached skill level 1 in Stealth
   859 | D:2      | Reached skill level 1 in Shields
   859 | D:2      | Reached skill level 1 in Unarmed Combat
   859 | D:2      | Reached skill level 1 in Spellcasting
   859 | D:2      | Reached skill level 1 in Conjurations
   859 | D:2      | Reached skill level 1 in Hexes
   859 | D:2      | Reached skill level 1 in Summonings
   859 | D:2      | Reached skill level 1 in Necromancy
   859 | D:2      | Reached skill level 1 in Translocations
   859 | D:2      | Reached skill level 1 in Transmutations
   859 | D:2      | Reached skill level 1 in Fire Magic
   859 | D:2      | Reached skill level 1 in Ice Magic
   859 | D:2      | Reached skill level 1 in Air Magic
   859 | D:2      | Reached skill level 1 in Earth Magic
   859 | D:2      | Reached skill level 1 in Poison Magic
   859 | D:2      | Reached skill level 1 in Invocations
   859 | D:2      | Reached skill level 1 in Evocations
   859 | D:2      | Reached XP level 4. HP: 21/41 MP: 4/6
   859 | D:2      | Reached XP level 5. HP: 24/47 MP: 4/7
  1259 | D:2      | Identified the +6 sling of Waegrasch {freeze, rN+}
  1580 | D:3      | Reached XP level 6. HP: 53/53 MP: 8/8
  2087 | D:3      | Found a stormy altar of Qazlal.
  2503 | D:4      | Reached skill level 5 in Armour
  2503 | D:4      | Reached skill level 5 in Dodging
  2539 | D:4      | Noticed Duvessa
  2541 | D:4      | Noticed Dowan
  2563 | D:4      | Killed Duvessa
  2575 | D:4      | Killed Dowan
  2712 | D:4      | Reached XP level 7. HP: 58/60 MP: 10/10
  2863 | D:4      | Reached *** piety under Trog
  3047 | D:4      | Found Keocits's Distillery.
  3072 | D:4      | Bought a potion of haste for 100 gold pieces
  3072 | D:4      | Bought a potion of might for 40 gold pieces
  3072 | D:4      | Bought a potion of curing for 30 gold pieces
  3072 | D:4      | Bought a potion of curing for 30 gold pieces
  3072 | D:4      | Bought a potion of flight for 30 gold pieces
  3072 | D:4      | Bought a potion of attraction for 30 gold pieces
  3072 | D:4      | Bought 2 potions of mutation for 160 gold pieces
  3083 | D:4      | Found a staircase to the Ecumenical Temple.
  3192 | D:4      | Noticed Ijyb
  3201 | D:4      | Killed Ijyb
  3411 | D:4      | Reached XP level 8. HP: 67/67 MP: 12/12
  3502 | D:4      | Noticed Edmund
  3519 | D:4      | Killed Edmund
  3799 | D:5      | Entered Level 5 of the Dungeon
  4713 | D:6      | Found Hiaqeuveg's Antique Weapon Shop.
  4936 | D:6      | Reached **** piety under Trog
  4963 | D:6      | Reached XP level 9. HP: 67/73 MP: 14/14
  6080 | D:7      | Found a burning altar of Makhleb.
  6083 | D:7      | Found a shadowy altar of Dithmenos.
  6092 | D:7      | Reached skill level 5 in Invocations
  6474 | D:7      | Noticed a two-headed ogre
  6493 | D:7      | Killed a two-headed ogre
  6494 | D:7      | Reached skill level 5 in Short Blades
  6494 | D:7      | Reached skill level 5 in Long Blades
  6494 | D:7      | Reached skill level 5 in Maces & Flails
  6494 | D:7      | Reached skill level 5 in Polearms
  6494 | D:7      | Reached skill level 5 in Staves
  6494 | D:7      | Reached skill level 5 in Ranged Weapons
  6494 | D:7      | Reached skill level 5 in Throwing
  6494 | D:7      | Reached skill level 5 in Stealth
  6494 | D:7      | Reached skill level 5 in Shields
  6494 | D:7      | Reached skill level 5 in Unarmed Combat
  6494 | D:7      | Reached skill level 5 in Spellcasting
  6494 | D:7      | Reached skill level 5 in Evocations
  6494 | D:7      | Reached XP level 10. HP: 39/81 MP: 15/17
  6657 | D:7      | Found a bloodstained altar of Trog.
  6657 | D:7      | Found a sparkling altar of Nemelex Xobeh.
  6657 | D:7      | Found a hazy altar of Hepliaklqana.
  6657 | D:7      | Found an iron altar of Okawaru.
  7024 | D:7      | Found a runed translucent door.
  7025 | D:7      | Noticed Crazy Yiuf
  7030 | D:7      | Crazy Yiuf changed into Crazy Yiuf the jelly
  7030 | D:7      | Noticed Crazy Yiuf
  7032 | D:7      | Killed Crazy Yiuf the jelly
  7325 | D:8      | Identified the +6 hand axe "Jaoluikh" {heavy, Str+3 Stlth-}
  7619 | D:8      | Found Fofollas's Jewellery Shoppe.
  7864 | D:8      | Found a staircase to the Lair.
  7872 | D:8      | Noticed a death yak
  7875 | D:8      | Noticed a death yak
  7881 | D:8      | Noticed a death yak
  7891 | D:8      | Killed a death yak
  7897 | D:8      | Killed a death yak
  7900 | D:8      | Killed a death yak
  8470 | D:8      | Reached skill level 5 in Conjurations
  8470 | D:8      | Reached skill level 5 in Hexes
  8470 | D:8      | Reached skill level 5 in Summonings
  8470 | D:8      | Reached skill level 5 in Necromancy
  8470 | D:8      | Reached skill level 5 in Translocations
  8470 | D:8      | Reached skill level 5 in Transmutations
  8470 | D:8      | Reached skill level 5 in Fire Magic
  8470 | D:8      | Reached skill level 5 in Ice Magic
  8470 | D:8      | Reached skill level 5 in Air Magic
  8470 | D:8      | Reached skill level 5 in Earth Magic
  8470 | D:8      | Reached skill level 5 in Poison Magic
  8547 | D:9      | Reached XP level 11. HP: 89/89 MP: 20/20
  8614 | D:9      | Found a shimmering blue altar of Sif Muna.
  8662 | D:9      | Noticed a deep elf pyromancer
  8675 | D:9      | Reached ***** piety under Trog
  8818 | D:9      | a deep elf pyromancer changed into a troll
  9344 | D:9      | Received a gift from Trog
  9770 | D:9      | HP: 12/84 [gargoyle/+4 mace of protection (12)]
  9997 | D:9      | Noticed a two-headed ogre
 10003 | D:9      | Killed a two-headed ogre
 10210 | D:9      | Found a staircase to the Orcish Mines.
 10219 | Orc:1    | Entered Level 1 of the Orcish Mines
 10907 | Orc:1    | Noticed an orc knight
 10908 | Orc:1    | an orc knight changed into an elephant
 11008 | Orc:1    | Noticed an orc warlord
 11048 | Orc:1    | Killed an orc warlord
 11568 | Orc:2    | Entered Level 2 of the Orcish Mines
 11568 | Orc:2    | Found a staircase to the Elven Halls.
 12333 | Orc:2    | Noticed an orc knight
 12343 | Orc:2    | Reached XP level 12. HP: 79/97 MP: 22/22
 12369 | Orc:2    | Found Puxyng's Distillery.
 12548 | Orc:2    | Bought a potion of heal wounds for 60 gold pieces
 12548 | Orc:2    | Bought a potion of heal wounds for 60 gold pieces
 12555 | Orc:2    | Found Buwk's Magic Scroll Shop.
 12759 | Orc:2    | Received a gift from Trog
 12767 | Orc:2    | Reached skill level 10 in Fighting
 12767 | Orc:2    | Reached skill level 10 in Axes
 13356 | Orc:2    | Found Jazxat's Magic Scroll Shop.
 13356 | Orc:2    | Found Mamueclo's Jewellery Shoppe.
 13621 | Orc:2    | Paralysed by an orc sorcerer for 4 turns
 13787 | Orc:2    | Found a runed translucent gate.
 13788 | Orc:2    | Found a runed translucent gate.
 13789 | Orc:2    | Found a runed translucent gate.
 13790 | Orc:2    | Found an opulent altar of Gozag.
 13791 | Orc:2    | Noticed mrw3rdna's ghost (journeyman SpVM)
 13792 | Orc:2    | Noticed an orc high priest
 13793 | Orc:2    | Found Bibakk's Assorted Antiques.
 13971 | Orc:2    | Bought the ring of Dogma {Fly Int-5 Slay+5 SInv} for 588
                  | gold pieces
 14113 | Lair:1   | Entered Level 1 of the Lair of Beasts
 14317 | Lair:1   | Identified the +6 short sword "Qumuom" {venom, Contam rN+
                  | rCorr Str+3}
 14597 | Lair:1   | Noticed a catoblepas
 14623 | Lair:1   | Killed a catoblepas
 14937 | Lair:1   | Reached XP level 13. HP: 103/104 MP: 25/25
 15161 | Lair:1   | Noticed Amaemon
 15172 | Lair:1   | Killed Amaemon
 16454 | Lair:2   | Found a staircase to the Shoals.
 16816 | Lair:2   | Identified the +5 scale mail of Sloth {rN+++ Int-2 Slay+5
                  | Stlth+}
 17625 | Lair:3   | You are sucked into a shaft and drop 2 floors!
 17625 | Lair:5   | Entered Level 5 of the Lair of Beasts
 18203 | Lair:3   | Identified a scroll of acquirement
 18205 | Lair:3   | Acquired the +1 pair of boots of the Known World {rF+ rN+
                  | Str+4 Int+2}
 18267 | Lair:3   | Reached skill level 10 in Armour
 18267 | Lair:3   | Reached skill level 10 in Dodging
 18620 | Lair:3   | Noticed Gastronok
 18694 | Lair:3   | Killed Gastronok
 18787 | Lair:3   | Found a hole to the Spider Nest.
 18814 | Lair:3   | Found a runed translucent door.
 19030 | Lair:3   | Reached skill level 10 in Invocations
 19030 | Lair:3   | Reached XP level 14. HP: 79/113 MP: 27/27
 20375 | Lair:4   | Found a staircase to the Slime Pits.
 20651 | Lair:4   | Found a viscous altar of Jiyva.
 21404 | Lair:5   | Identified the +10 short sword "Orb Guardian's Death"
                  | {flame, *Corrode rElec rC+ Str+2}
 21434 | Lair:5   | Identified the +3 arbalest "Killer Bee's Peril" {heavy, rF+
                  | Str+3 Int+3}
 22009 | Lair:5   | Noticed a dire elephant
 22021 | Lair:5   | Reached skill level 10 in Short Blades
 22021 | Lair:5   | Reached skill level 10 in Long Blades
 22021 | Lair:5   | Reached skill level 10 in Maces & Flails
 22021 | Lair:5   | Reached skill level 10 in Polearms
 22021 | Lair:5   | Reached skill level 10 in Staves
 22021 | Lair:5   | Reached skill level 10 in Ranged Weapons
 22021 | Lair:5   | Reached skill level 10 in Throwing
 22021 | Lair:5   | Reached skill level 10 in Stealth
 22021 | Lair:5   | Reached skill level 10 in Shields
 22021 | Lair:5   | Reached skill level 10 in Unarmed Combat
 22021 | Lair:5   | Reached skill level 10 in Spellcasting
 22021 | Lair:5   | Reached skill level 10 in Evocations
 22030 | Lair:5   | Killed a dire elephant
 22047 | Lair:5   | Identified the +9 long sword "Grim Tooth" {heavy, MP+9
                  | SInv}
 22215 | Lair:5   | Reached XP level 15. HP: 110/120 MP: 29/29
 22276 | Lair:5   | HP: 21/120 [fire dragon (11)]
 22281 | Lair:5   | HP: 23/120 [swamp dragon] (3)]
 22285 | Lair:5   | HP: 11/120 [poisoned by a swamp dragon (poison gas)]
 22290 | Lair:5   | HP: 6/120 [poisoned by a swamp dragon (poison gas)]
 23247 | Orc:2    | Bought a scroll of brand weapon for 171 gold pieces
 23280 | Orc:2    | Bought a scroll of enchant weapon for 112 gold pieces
 23290 | Orc:2    | Bought a potion of curing for 36 gold pieces
 23367 | D:10     | Entered Level 10 of the Dungeon
 23412 | D:10     | Acquired a manual of Dodging
 23460 | D:10     | Found a basalt altar of Yredelemnul.
 23785 | D:10     | Found a broken altar of Ashenzari.
 23818 | D:10     | Found a sacrificial altar of Ru.
 23959 | D:11     | Found a frozen archway.
 23973 | IceCv    | Entered an ice cave
 23992 | IceCv    | Received a gift from Trog
 24134 | IceCv    | Identified the +12 long sword of Magnificence {heavy, rF++}
 24921 | D:11     | Noticed Erica
 24930 | D:11     | Killed Erica
 25212 | D:11     | Noticed Maurice
 25234 | D:11     | Killed Maurice
 25263 | D:11     | Received a gift from Trog
 25432 | D:11     | Found Sasint's Book Shoppe.
 26030 | D:12     | Got the Grimoire of Firn
 26182 | D:12     | Noticed Rupert
 26190 | D:12     | Killed Rupert
 26736 | D:13     | Found a sparkling altar of Nemelex Xobeh.
 27084 | D:13     | Found a gate to the Vaults.
 27386 | D:14     | Reached XP level 16. HP: 119/129 MP: 30/30
 27884 | D:14     | Received a gift from Trog
 28083 | D:14     | Acquired 1031 gold pieces
 28179 | D:14     | Found a shimmering altar of Xom.
 28183 | D:14     | Found the +7 mace of Variability {chaos, chaos arc}
 28263 | D:14     | Found a bloodstained altar of Trog.
 28501 | D:15     | Entered Level 15 of the Dungeon
 28746 | D:15     | Found a staircase to the Depths.
 29166 | D:15     | Found a runed translucent door.
 29258 | D:15     | Noticed Keifupt's ghost (journeyman HOMo)
 29264 | D:15     | Identified the +1 trident "Embalmer" {pain, rElec Str+5}
 29548 | D:15     | Killed Keifupt's ghost
 29741 | D:15     | Identified the amulet of Propriety {Reflect rElec SH+5}
 30063 | Shoals:1 | Entered Level 1 of the Shoals
 30614 | Shoals:1 | Received a gift from Trog
 31215 | Shoals:1 | Found a runed translucent gate.
 31215 | Shoals:1 | Found a runed translucent gate.
 31215 | Shoals:1 | Found a runed translucent gate.
 31222 | Shoals:1 | Identified the +3 leather armour of Rismownu {Harm rC+
                  | Dex+6 Stlth-}
 31349 | Shoals:1 | Noticed Angrytalen2's ghost (journeyman GrMo)
 31358 | Shoals:1 | Killed Angrytalen2's ghost
 31459 | Shoals:2 | Identified the +8 rapier "Beastslayer" {freeze, rCorr
                  | Dex+3}
 31469 | Shoals:2 | Found Luwoace's Antique Armour Shoppe.
 31488 | Shoals:2 | Bought an embroidered cloak for 277 gold pieces
 32745 | Shoals:3 | Reached XP level 17. HP: 137/137 MP: 32/32
 33009 | Shoals:3 | Noticed Ilsuiw
 33012 | Shoals:3 | Reached skill level 10 in Conjurations
 33012 | Shoals:3 | Reached skill level 10 in Hexes
 33012 | Shoals:3 | Reached skill level 10 in Summonings
 33012 | Shoals:3 | Reached skill level 10 in Necromancy
 33012 | Shoals:3 | Reached skill level 10 in Translocations
 33012 | Shoals:3 | Reached skill level 10 in Transmutations
 33012 | Shoals:3 | Reached skill level 10 in Fire Magic
 33012 | Shoals:3 | Reached skill level 10 in Ice Magic
 33012 | Shoals:3 | Reached skill level 10 in Air Magic
 33012 | Shoals:3 | Reached skill level 10 in Earth Magic
 33012 | Shoals:3 | Reached skill level 10 in Poison Magic
 33028 | Shoals:3 | Identified the +3 battleaxe of Henotheism {flame, rC+
                  | Str+2} (Trog gifted it to you on level 3 of the Shoals)
 33028 | Shoals:3 | Received a gift from Trog
 33041 | Shoals:3 | Killed Ilsuiw
 33754 | Shoals:4 | Entered Level 4 of the Shoals
 33917 | Shoals:4 | Noticed Bai Suzhen
 34103 | Shoals:3 | Killed Bai Suzhen
 34518 | Shoals:4 | Noticed a sphinx
 34527 | Shoals:4 | Killed a sphinx
 35146 | Shoals:4 | Got a barnacled rune of Zot
 35507 | Shoals:4 | Reached ****** piety under Trog
 35709 | Shoals:4 | Reached skill level 15 in Dodging
 36155 | Spider:1 | Entered Level 1 of the Spider Nest
 36238 | Spider:1 | Acquired a manual of Invocations
 36261 | Spider:1 | Reached XP level 18. HP: 145/145 MP: 34/34
 36556 | Spider:1 | Noticed Jorgrun
 36567 | Spider:1 | Killed Jorgrun
 37276 | Spider:1 | Received a gift from Trog
 38779 | Spider:3 | Reached skill level 15 in Long Blades
 39166 | Spider:3 | Identified Roxanne's Handbook of the Gestalt
 39166 | Spider:3 | Noticed Roxanne
 39181 | Spider:3 | Killed Roxanne
 39755 | Spider:4 | Entered Level 4 of the Spider Nest
 39796 | Spider:4 | Identified the +7 quarterstaff "Guhez" {flame, Dex+6
                  | Stlth+} (Trog gifted it to you on level 4 of the Spider
                  | Nest)
 39796 | Spider:4 | Received a gift from Trog
 40937 | Spider:4 | Received a gift from Trog
 41000 | Spider:4 | Reached skill level 15 in Invocations
 41124 | Spider:4 | Got a gossamer rune of Zot
 41538 | Elf:1    | Entered Level 1 of the Elven Halls
 41546 | Elf:1    | Reached XP level 19. HP: 153/153 MP: 36/36
 41596 | Elf:1    | Found a magical portal.
 41618 | WizLab   | Entered Alistair's Party Mansion
 42369 | WizLab   | Acquired 1172 gold pieces
 42466 | WizLab   | Lost intelligence.
 42634 | WizLab   | HP: 30/154 [acid blob[a demonspawn corrupter] (22)]
 42634 | WizLab   | HP: 12/154 [sphinx[a demonspawn corrupter] (13)]
 42635 | WizLab   | Demolished by an ancient champion

Illustrated notes

Levels and vault maps discovered:
D:1:      wander_arrival_abandoned_jail, layout_loops_ring,
          hellmonk_ecumenical_altar_dog_temple
D:2:      layout_loops_ring, kennysheep_generic_room_13, uniq_sigmund
D:3:      layout_loops_ring, nicolae_qazlal_eye_of_the_storm, kennysheep_path_1
D:4:      minmay_polygon_palace, layout_loops_cross,
          minmay_temple_entry_antechambers, serial_shops,
          nicolae_shop_industrial_runoff, minivault_14, wad_rectangle_vault,
          uniq_duvessa, uniq_ijyb, uniq_edmund
D:5:      layout_basic
D:6:      layout_loops_ring, minivault_1, nicolae_take_the_stairs
D:7:      layout_loops_ring, nicolae_overflow_crystal_walls,
          grunt_temple_overflow_cloverleaf, mainiacjoe_overflow_catwalk,
          uniq_crazy_yiuf_cottage
D:8:      layout_basic, dpeg_lair_monsters, serial_shops, shop, the_hattery
D:9:      layout_loops_ring, mainiacjoe_overflow_surrounded_room, david_orc_4
D:10:     layout_rooms, grunt_temple_overflow_open, marbit_many_paths
D:11:     layout_loops_cross, portal_ice_cave_entry_pillars_2, serial_shops,
          kennysheep_mini_moat, uniq_maurice, uniq_erica
D:12:     layout_stronghold, uniq_rupert
D:13:     layout_basic, david_vaults_4, nemelex_diamond_rough_becter
D:14:     layout_big_octagon, trog_three_pillars_becter, serial_bayou,
          serial_bayou_pond_a, serial_bayou_shore_b, serial_bayou_pond_a,
          serial_bayou_lagoon_a, serial_bayou_shore_a, drop_trap,
          minmay_guarded_unrand_variability
D:15:     hangedman_depths_entry_civil_slaughter, layout_rooms,
          ebering_ghost_funeral_grove
Lair:1:   layout_small_grid, cheibrodos_lair_caveside_slide,
          minmay_lair_oklob_bushes, minmay_hedge_maze,
          pdpol_lair_neglected_garden, hangedman_lair_generics_rect,
          uniq_amaemon
Lair:2:   layout_regular_city, elwin_shoals_entry_stream
Lair:3:   cheibrodos_magma_flow, layout_chaotic_city,
          nicolae_spider_entry_orb_guardian, pf_torpor_hydra, uniq_gastronok
Lair:4:   nzn_winding_woodlands_small [nzn_winding_woodlands_5x15_zeroes,
          nzn_winding_woodlands_center_lodge,
          nzn_winding_woodlands_5x15_split_checker], layout_misc_corridors,
          minmay_slime_entry_oklob_open, lemuel_fruit_tree
Lair:5:   hangedman_lair_in_review, layout_long_grid, guppyfry_lair_end_dragon
Shoals:1: layout_shoals, ebering_ghost_rock_garden
Shoals:2: layout_shoals, serial_shops, nicolae_shop_statue_plus
Shoals:3: layout_shoals, st_sunken_huts, uniq_ilsuiw
Shoals:4: shoals_end_hellmonk_lost_city, uniq_bai_suzhen
Spider:1: layout_chambers, drop_trap, uniq_jorgrun
Spider:2: layout_chambers
Spider:3: layout_spider_delve, uniq_roxanne
Spider:4: grunt_spider_rune_parallel, drop_trap
Orc:1:    layout_caves, nicolae_orc_bridge_out
Orc:2:    st_orc_town, layout_caves, ebering_ghost_gozag
Elf:1:    eino_elf_arrival_shootout, layout_loops_cross, serial_shops,
          nicolae_lakefront_shop, mu_enter_wizlab_4, evilmike_minifort,
          uniq_asterion
WizLab:   wizlab_alistair

Skill      XL: |  1  2  3  4  5  6  7  8  9 10 11 12 13 14 15 16 17 18 19 |
---------------+----------------------------------------------------------+-----
Short Blades   | 1 2 3 5 6 7 8 9 10 11 12 13 | 13.4
Long Blades    | 1 2 3 5 6 7 8 9 10 11 13 14 15 16 | 16.1
Maces & Flails | 1 2 3 5 6 7 8 9 10 11 12 13 | 13.4
Polearms       | 1 2 3 5 6 7 8 9 10 11 12 13 | 13.4
Staves         | 1 2 3 5 6 7 8 9 10 11 12 13 | 13.4
Ranged Weapons | 1 2 3 5 6 7 8 9 10 11 12 13 | 13.4
Throwing       | 1 2 3 5 6 7 8 9 10 11 12 13 | 13.4
Stealth        | 1 2 3 5 6 7 8 9 10 11 12 13 | 13.4
Shields        | 1 2 3 5 6 7 8 9 10 11 12 13 | 13.4
Unarmed Combat | 1 2 3 5 6 7 8 9 10 11 12 13 | 13.4
Spellcasting   | 1 2 3 5 6 7 8 9 10 11 12 13 | 13.4
Conjurations   | 1 2 3 4 5 6 7 8 9 10 11 | 11.4
Hexes          | 1 2 3 4 5 6 7 8 9 10 11 | 11.4
Summonings     | 1 2 3 4 5 6 7 8 9 10 11 | 11.4
Necromancy     | 1 2 3 4 5 6 7 8 9 10 11 | 11.4
Translocations | 1 2 3 4 5 6 7 8 9 10 11 | 11.4
Transmutations | 1 2 3 4 5 6 7 8 9 10 11 | 11.4
Fire Magic     | 1 2 3 4 5 6 7 8 9 10 11 | 11.4
Ice Magic      | 1 2 3 4 5 6 7 8 9 10 11 | 11.4
Air Magic      | 1 2 3 4 5 6 7 8 9 10 11 | 11.4
Earth Magic    | 1 2 3 4 5 6 7 8 9 10 11 | 11.4
Poison Magic   | 1 2 3 4 5 6 7 8 9 10 11 | 11.4
Invocations    | 1 2 3 4 5 6 7 8 10 11 12 13 15 | 15.6
Evocations     | 1 2 3 5 6 7 8 9 10 11 12 13 | 13.4
Armour         | 5 6 7 8 9 10 11 12 13 14 | 14.2
Dodging        | 5 6 7 8 9 10 11 12 13 15 16 | 16.6
Fighting       | 7 8 9 10 11 12 13 14 | 14.8
Axes           | 7 8 9 10 11 12 13 14 | 14.8

Action                     |  1- 3 |  4- 6 |  7- 9 | 10-12 | 13-15 | 16-18 | 19-21 || total
---------------------------+-------+-------+-------+-------+-------+-------+-------++-------
  Melee: Whip              |    57 |    54 |   165 |   708 |    10 |       |       ||   994
         Hand axe          |     7 |       |       |       |       |       |       ||     7
         Bite              |     5 |     5 |    23 |    87 |   133 |    71 |    22 ||   346
         Punch             |     1 |     2 |     8 |    38 |    43 |       |       ||    92
         Short sword       |       |       |       |       |   500 |     4 |       ||   504
         Broad axe         |       |       |       |       |   137 |   408 |    90 ||   635
         Great mace        |       |       |       |       |       |     9 |       ||     9
   Fire: Sling             |       |    33 |   208 |   244 |   100 |       |       ||   585
  Throw: Dart              |     5 |     7 |     3 |    50 |   101 |    14 |     3 ||   183
         Stone             |       |       |       |    26 |     3 |   173 |    17 ||   219
         Boomerang         |       |       |       |       |   377 |   575 |     5 ||   957
         Javelin           |       |       |       |       |       |     4 |       ||     4
 Invoke: Brothers in Arms  |       |       |       |     3 |     5 |     4 |       ||    12
         Berserk           |       |       |       |     2 |     2 |       |       ||     4
         Trog's Hand       |       |       |       |     2 |     1 |       |       ||     3
  Evoke: Wand              |       |       |     1 |    29 |    11 |    20 |       ||    61
         Box of beasts     |       |       |       |       |     2 |     1 |       ||     3
         Tin of tremorston |       |       |       |       |       |     2 |     2 ||     4
    Use: Scroll            |     3 |     7 |     1 |     6 |    16 |     8 |     2 ||    43
         Potion            |       |       |       |     4 |    10 |     1 |     1 ||    16
   Stab: Petrified         |       |       |       |     5 |       |       |       ||     5
         Distracted        |       |       |       |     2 |     4 |    12 |       ||    18
         Petrifying        |       |       |       |     1 |       |       |       ||     1
         Sleeping          |       |       |       |       |       |     2 |     3 ||     5
 Armour: Animal skin       |     5 |       |       |       |       |       |       ||     5
         Scale mail        |    12 |    11 |    29 |       |   171 |   162 |    34 ||   419
         Plate armour      |       |       |    89 |   362 |    65 |       |       ||   516
         Chain mail        |       |       |     6 |       |       |       |       ||     6
  Dodge: Dodged            |    30 |    33 |    95 |   203 |   260 |   228 |    28 ||   877
  Block: Other             |       |       |    42 |   147 |    59 |     1 |       ||   249
         Reflection        |       |       |     1 |     8 |     4 |    57 |     2 ||    72
         Orb               |       |       |       |       |    26 |    13 |       ||    39
         Buckler           |       |       |       |       |       |   106 |       ||   106
         Tower shield      |       |       |       |       |       |   230 |    79 ||   309

Table legend: (Time is in decaauts)
 A = Elapsed time spent in this place.
 B = Non-inter-level travel time spent in this place.
 C = Inter-level travel time spent in this place.
 D = Time resting spent in this place.
 E = Time spent auto-exploring this place.
 F = Levels seen in this place.
 G = Mean time per level.
                   A        B        C        D        E       F      G
               +--------+--------+--------+--------+--------+-----+--------+
         Total |  42281 |  39204 |   3077 |   9930 |  22067 |  33 | 1281.2 |
       Dungeon |  16550 |  15184 |   1366 |   2588 |   9981 |  15 | 1103.3 |
          Lair |   9413 |   8447 |    966 |   2888 |   4277 |   5 | 1882.6 |
        Shoals |   5491 |   5260 |    231 |   1724 |   2658 |   4 | 1372.8 |
   Spider Nest |   5181 |   4908 |    273 |    750 |   3441 |   4 | 1295.2 |
  Orcish Mines |   3606 |   3368 |    238 |   1255 |   1219 |   2 | 1803.0 |
   Elven Halls |     76 |     75 |      1 |      0 |      0 |   1 |   76.0 |
      Ice Cave |    863 |    863 |      0 |    190 |    401 |   1 |  863.0 |
        Wizlab |   1099 |   1099 |      0 |    534 |     90 |   1 | 1099.0 |
               +--------+--------+--------+--------+--------+-----+--------+

Top non-repeatable levels by time:
   Orc:2: 2286 daAuts
  Lair:5: 2270 daAuts
     D:9: 2136 daAuts
  Lair:1: 2046 daAuts
  Lair:3: 2009 daAuts
Shoals:3: 1809 daAuts
Shoals:4: 1621 daAuts
  Lair:4: 1619 daAuts
Spider:4: 1566 daAuts
     D:8: 1537 daAuts
  Lair:2: 1466 daAuts
     D:4: 1456 daAuts
Spider:1: 1404 daAuts
   Orc:1: 1320 daAuts
     D:7: 1309 daAuts

Table legend:
 A = Kills in this place as a percentage of kills in the entire game.
 B = Kills by you in this place as a percentage of kills by you in the entire game.
 C = Kills by friends in this place as a percentage of kills by friends in the entire game.
 D = Other kills in this place as a percentage of other kills in the entire game.
 E = Experience gained in this place as a percentage of experience gained in the entire game.
 F = Experience gained in this place divided by the number of levels of this place that you have seen.
                   A       B       C       D       E      F
               +-------+-------+-------+-------+-------+----------------------
         Total | 100.0 | 100.0 | 100.0 | 100.0 | 100.0 | 10493.1
       Dungeon |  34.0 |  34.7 |  17.0 |  42.9 |  19.4 | 4471.6
          Lair |  17.1 |  17.0 |  21.3 |   0.0 |  18.3 | 12677.4
        Shoals |  13.1 |  13.1 |  14.9 |   0.0 |  24.6 | 21285.0
   Spider Nest |  16.7 |  17.2 |   4.3 |  14.3 |  21.5 | 18636.2
  Orcish Mines |  11.0 |   9.3 |  42.6 |  42.9 |   3.7 | 6343.0
   Elven Halls |   0.9 |   1.0 |   0.0 |   0.0 |   1.3 | 4624.0
      Ice Cave |   4.5 |   4.7 |   0.0 |   0.0 |   3.9 | 13417.0
        Wizlab |   2.7 |   2.9 |   0.0 |   0.0 |   7.3 | 25399.0
               +-------+-------+-------+-------+-------+----------------------

Levels and vault maps discovered:
D:1:      wander_arrival_abandoned_jail, layout_loops_ring,
          hellmonk_ecumenical_altar_dog_temple
D:2:      layout_loops_ring, kennysheep_generic_room_13, uniq_sigmund
D:3:      layout_loops_ring, nicolae_qazlal_eye_of_the_storm, kennysheep_path_1
D:4:      minmay_polygon_palace, layout_loops_cross,
          minmay_temple_entry_antechambers, serial_shops,
          nicolae_shop_industrial_runoff, minivault_14, wad_rectangle_vault,
          uniq_duvessa, uniq_ijyb, uniq_edmund
D:5:      layout_basic
D:6:      layout_loops_ring, minivault_1, nicolae_take_the_stairs
D:7:      layout_loops_ring, nicolae_overflow_crystal_walls,
          grunt_temple_overflow_cloverleaf, mainiacjoe_overflow_catwalk,
          uniq_crazy_yiuf_cottage
D:8:      layout_basic, dpeg_lair_monsters, serial_shops, shop, the_hattery
D:9:      layout_loops_ring, mainiacjoe_overflow_surrounded_room, david_orc_4
D:10:     layout_rooms, grunt_temple_overflow_open, marbit_many_paths
D:11:     layout_loops_cross, portal_ice_cave_entry_pillars_2, serial_shops,
          kennysheep_mini_moat, uniq_maurice, uniq_erica
D:12:     layout_stronghold, uniq_rupert
D:13:     layout_basic, david_vaults_4, nemelex_diamond_rough_becter
D:14:     layout_big_octagon, trog_three_pillars_becter, serial_bayou,
          serial_bayou_pond_a, serial_bayou_shore_b, serial_bayou_pond_a,
          serial_bayou_lagoon_a, serial_bayou_shore_a, drop_trap,
          minmay_guarded_unrand_variability
D:15:     hangedman_depths_entry_civil_slaughter, layout_rooms,
          ebering_ghost_funeral_grove
Lair:1:   layout_small_grid, cheibrodos_lair_caveside_slide,
          minmay_lair_oklob_bushes, minmay_hedge_maze,
          pdpol_lair_neglected_garden, hangedman_lair_generics_rect,
          uniq_amaemon
Lair:2:   layout_regular_city, elwin_shoals_entry_stream
Lair:3:   cheibrodos_magma_flow, layout_chaotic_city,
          nicolae_spider_entry_orb_guardian, pf_torpor_hydra, uniq_gastronok
Lair:4:   nzn_winding_woodlands_small [nzn_winding_woodlands_5x15_zeroes,
          nzn_winding_woodlands_center_lodge,
          nzn_winding_woodlands_5x15_split_checker], layout_misc_corridors,
          minmay_slime_entry_oklob_open, lemuel_fruit_tree
Lair:5:   hangedman_lair_in_review, layout_long_grid, guppyfry_lair_end_dragon
Shoals:1: layout_shoals, ebering_ghost_rock_garden
Shoals:2: layout_shoals, serial_shops, nicolae_shop_statue_plus
Shoals:3: layout_shoals, st_sunken_huts, uniq_ilsuiw
Shoals:4: shoals_end_hellmonk_lost_city, uniq_bai_suzhen
Spider:1: layout_chambers, drop_trap, uniq_jorgrun
Spider:2: layout_chambers
Spider:3: layout_spider_delve, uniq_roxanne
Spider:4: grunt_spider_rune_parallel, drop_trap
Orc:1:    layout_caves, nicolae_orc_bridge_out
Orc:2:    st_orc_town, layout_caves, ebering_ghost_gozag
Elf:1:    eino_elf_arrival_shootout, layout_loops_cross, serial_shops,
          nicolae_lakefront_shop, mu_enter_wizlab_4, evilmike_minifort,
          uniq_asterion
WizLab:   wizlab_alistair
